Patriotes vs Tamiflu
Created - 9 septembre 2014 at 19:35
Simulating a Pre-Season
Goals
|
Patriotes |
2 |
1 |
1 |
4 |
Tamiflu |
1 |
3 |
1 |
5 |
|
Shots
|
Patriotes |
9 |
10 |
10 |
29 |
Tamiflu |
7 |
10 |
13 |
30 |
|
1st period
1. Patriotes , Andreas Nodl 1 (Tomas Kurka, Zenon Konopka) at 4:50
2. Tamiflu , Nate Thompson 1 (Alex Picard) at 9:15
3. Patriotes , Patrice Cormier 1 (Sami Vatanen, Liam Reddox) at 18:48
Penalties :
Mike Duco (Det) for Roughing (Minor) at 0:40, Mike McKenna (Det) for Delaying the game (Minor) at 10:49 - Adam Henrique served the penalty, Jonathan Sigalet (Det) for Roughing (Minor) at 15:49
2nd period
4. Tamiflu , Alex Picard 1 (Nate Thompson) at 0:08
5. Tamiflu , Mattias Tedenby 1 (Adam Henrique, Kyle Lawson) at 12:31
6. Patriotes , T.J Galiardi 2 (A.J Thelen) at 13:02
7. Tamiflu , Carson Mcmillan 1 (Alex Picard, Colin Greening) at 14:36
Penalties :
Timothy Kunes (Nyc) for Hooking (Minor) at 1:37, Carson Mcmillan (Det) for Hooking (Minor) at 17:15, Colin Greening (Det) for Roughing (Minor) at 18:48
3rd period
8. Tamiflu , Nate Thompson 2 (Alex Picard, Jonathan Sigalet) at 8:42
9. Patriotes , Joe Charlebois 1 (T.J Galiardi, Lauri Tukonen) at 16:48
Penalties :
Alex Picard (Det) for Slashing (Minor) at 17:33
Goalie Stats
Joey MacDonald (Nyc), 25 saves from 30 shots - (0,833), L, 0-1-1, 59:01 minutes
Mike McKenna (Det), 25 saves from 29 shots - (0,862), W, 1-0-0, 60:00 minutes
Players Stats for Patriotes
Player Name G A P +/- PIM S H SB GA TA FO MP PP MP PK MP
------------------------------------------------------------------------------------
A.J Thelen 0 1 1 -2 0 0 3 1 0 2 0/0 25:19 6:32 1:13
Andreas Nodl 1 0 1 -1 0 3 1 0 2 0 0/0 22:59 6:26 0:57
Andrew Gordon 0 0 0 -3 0 1 2 2 0 0 1/2 18:24 4:57 0:34
Christian Hanson 0 0 0 2 0 1 2 0 0 0 3/7 10:40 0:05 0:00
Cory Emmerton 0 0 0 -3 0 1 1 0 3 0 5/13 17:50 4:57 0:00
Fedor Fedorov 0 0 0 -3 0 1 5 0 0 0 0/0 18:24 4:57 0:34
Jared Staal 0 0 0 0 0 0 0 0 0 0 0/0 0:00 0:00 0:00
Joakim Andersson 0 0 0 0 0 0 0 0 0 0 0/0 0:00 0:00 0:00
Joe Charlebois 1 0 1 0 0 2 1 1 0 0 0/0 23:22 4:56 0:46
Jordan Samuels-Thomas 0 0 0 0 0 0 0 0 0 0 0/0 0:28 0:00 0:28
Lauri Tukonen 0 1 1 2 0 3 2 0 0 1 1/3 10:56 0:00 0:28
Liam Reddox 0 1 1 1 0 0 0 1 0 0 0/0 7:29 0:00 0:00
Mathieu Brodeur 0 0 0 0 0 0 0 0 0 0 0/0 2:12 0:00 0:00
Nigel Williams 0 0 0 1 0 0 1 2 0 0 0/0 12:26 0:00 0:46
Patrice Cormier 1 0 1 1 0 5 0 0 0 1 0/1 7:29 0:00 0:00
Ryan White 0 0 0 0 0 0 0 0 0 0 0/0 0:00 0:00 0:00
Ryan Wilson 0 0 0 -2 0 2 0 2 1 0 0/0 23:36 6:32 1:13
Sami Vatanen 0 1 1 1 0 0 0 1 0 0 0/0 11:19 0:00 0:00
T.J Galiardi 1 1 2 2 0 3 0 0 0 0 0/0 10:55 0:20 0:00
Timothy Kunes 0 0 0 0 2 1 1 0 0 1 0/0 22:06 4:56 0:00
Tomas Kurka 0 1 1 -1 0 2 3 0 3 0 2/5 22:59 6:26 0:57
Zack Stortini 0 0 0 1 0 1 0 0 0 0 0/0 7:29 0:00 0:00
Zenon Konopka 0 1 1 -1 0 3 2 0 1 0 14/26 21:38 6:16 0:00
Players Stats for Tamiflu
Player Name G A P +/- PIM S H SB GA TA FO MP PP MP PK MP
------------------------------------------------------------------------------------
Adam Henrique 0 1 1 0 0 1 1 0 2 0 6/9 11:03 0:00 0:00
Alex Picard 1 3 4 2 2 3 2 1 0 0 0/0 22:27 1:14 4:30
Ben Hanowski 0 0 0 0 0 1 1 0 0 0 0/0 10:20 0:00 3:32
Carson Mcmillan 1 0 1 2 2 2 2 0 1 1 0/0 20:36 1:14 2:44
Colin Greening 0 1 1 0 2 0 0 0 0 0 1/2 7:21 0:00 0:36
Garrett Wilson 0 0 0 0 0 0 1 0 0 0 0/0 8:46 0:00 1:47
Greg Mauldin 0 0 0 -1 0 1 0 0 1 0 4/10 16:02 0:45 3:02
Jan Mursak 0 0 0 -1 0 0 0 0 0 1 0/0 12:54 0:45 0:00
Johan Fransson 0 0 0 2 0 3 0 1 0 1 0/0 20:35 0:36 4:33
Jonathan Sigalet 0 1 1 2 2 3 1 1 0 2 0/0 27:53 1:23 5:42
Jordan Hendry 0 0 0 2 0 4 0 2 0 3 0/0 25:37 1:23 6:55
Kyle Lawson 0 1 1 -3 0 1 0 0 0 0 0/0 10:33 0:00 0:00
Mattias Tedenby 1 0 1 0 0 2 0 0 0 0 0/0 10:46 0:00 0:00
Mike Duco 0 0 0 -1 2 1 3 0 0 0 0/0 12:57 0:45 0:00
Nate Thompson 2 1 3 2 0 5 1 1 0 1 20/36 23:49 1:14 6:18
Nathan Oystrick 0 0 0 2 0 2 3 1 1 1 0/0 20:00 0:36 4:33
Philip Samuelsson 0 0 0 -3 0 1 0 1 0 0 0/0 11:46 0:00 1:13
Rich Clune 0 0 0 0 0 0 1 0 0 0 0/0 10:46 0:00 0:00
Stefan Elliott 0 0 0 0 0 0 0 0 0 0 0/0 3:50 0:00 0:00
3 Stars
1 - Nate Thompson (Det)
2 - Alex Picard (Det)
3 - T.J Galiardi (Nyc)
Power Play
Patriotes - 0 on 6 Attempt(s) - 0,00%
Tamiflu - 0 on 1 Attempt(s) - 0,00%
Penalty Kill
Patriotes - 1 on 1 Attempt(s) - 100,00%
- Score 0 goal in Penalty Kill
Tamiflu - 6 on 6 Attempt(s) - 100,00%
- Score 0 goal in Penalty Kill
Official
Referees : Watson Brad and O'Halloran Dan
Linesman : David Brisebois and Mike Cvik
Game Notes
18:48 of 1st period - Patriotes goal is going for a video replay. After video review, Goal.
Patriotes
5 vs 5 Forward
Center Left Wing Right Wing Time % Phy DF OF
1 Zenon Konopka Tomas Kurka Andreas Nodl 40 1 2 2
2 Cory Emmerton Fedor Fedorov Andrew Gordon 30 1 2 2
3 Christian Hanson T.J Galiardi Lauri Tukonen 20 1 2 2
4 Patrice Cormier Liam Reddox Zack Stortini 10 1 2 2
5 vs 5 Defense
Defense Defense Time % Phy DF OF
1 A.J Thelen Ryan Wilson 40 1 2 2
2 Joe Charlebois Timothy Kunes 30 1 2 2
3 Sami Vatanen Nigel Williams 20 1 2 2
4 Mathieu Brodeur A.J Thelen 10 1 2 2
PowerPlay Forward
Center Left Wing Right Wing Time % Phy DF OF
1 Zenon Konopka Tomas Kurka Andreas Nodl 60 1 2 2
2 Cory Emmerton Fedor Fedorov Andrew Gordon 40 1 2 2
PowerPlay Defense
Defense Defense Time % Phy DF OF
1 A.J Thelen Ryan Wilson 60 1 2 2
2 Joe Charlebois Timothy Kunes 40 1 2 2
Penalty Kill 4 Players Forward
Center Wing Time % Phy DF OF
1 Tomas Kurka Andreas Nodl 60 1 2 2
2 Andrew Gordon Fedor Fedorov 40 1 2 2
Penalty Kill 4 Players Defense
Defense Defense Time % Phy DF OF
1 A.J Thelen Ryan Wilson 60 1 2 2
2 Joe Charlebois Timothy Kunes 40 1 2 2
Penalty Kill - 3 Players Forward
Forward Time % Phy DF OF
1 Tomas Kurka 60 1 2 2
2 Andreas Nodl 40 1 2 2
Penalty Kill - 3 Players Defense
Defense Defense Time % Phy DF OF
1 A.J Thelen Ryan Wilson 60 1 2 2
2 Joe Charlebois Timothy Kunes 40 1 2 2
4 vs 4 Forward
Center Wing Time % Phy DF OF
1 Tomas Kurka Andreas Nodl 60 1 2 2
2 Andrew Gordon Fedor Fedorov 40 1 2 2
4 vs 4 Defense
Defense Defense Time % Phy DF OF
1 A.J Thelen Ryan Wilson 60 1 2 2
2 Joe Charlebois Timothy Kunes 40 1 2 2
Last Minutes Offensive
Center Left Wing Right Wing Defense Defense
Zenon Konopka Tomas Kurka Andreas Nodl A.J Thelen Ryan Wilson
Last Minutes Defensive
Center Left Wing Right Wing Defense Defense
Zenon Konopka Tomas Kurka Andreas Nodl A.J Thelen Ryan Wilson
Goaltenders
Starting : Joey MacDonald
Backup : Jason Missiaen
Extra Forwards
Normal : T.J Galiardi, Christian Hanson, Lauri Tukonen - PP : T.J Galiardi, Christian Hanson - PK : Lauri Tukonen
Extra Defensemen
Normal : Sami Vatanen, Nigel Williams, Mathieu Brodeur - PP : Sami Vatanen - PK : Nigel Williams, Mathieu Brodeur
Penalty Shots
Tomas Kurka, Andreas Nodl, Andrew Gordon, Fedor Fedorov, Zenon Konopka
Tamiflu
5 vs 5 Forward
Center Left Wing Right Wing Time % Phy DF OF
1 Nate Thompson Alex Picard Carson Mcmillan 40 1 2 2
2 Greg Mauldin Jan Mursak Mike Duco 30 1 2 2
3 Adam Henrique Rich Clune Mattias Tedenby 20 1 2 2
4 Colin Greening Garrett Wilson Ben Hanowski 10 1 2 2
5 vs 5 Defense
Defense Defense Time % Phy DF OF
1 Jonathan Sigalet Jordan Hendry 40 1 2 2
2 Nathan Oystrick Johan Fransson 30 1 2 2
3 Kyle Lawson Philip Samuelsson 20 1 2 2
4 Stefan Elliott Jonathan Sigalet 10 1 2 2
PowerPlay Forward
Center Left Wing Right Wing Time % Phy DF OF
1 Nate Thompson Alex Picard Carson Mcmillan 60 1 2 2
2 Greg Mauldin Jan Mursak Mike Duco 40 1 2 2
PowerPlay Defense
Defense Defense Time % Phy DF OF
1 Jonathan Sigalet Jordan Hendry 60 1 2 2
2 Nathan Oystrick Johan Fransson 40 1 2 2
Penalty Kill 4 Players Forward
Center Wing Time % Phy DF OF
1 Nate Thompson Alex Picard 60 1 2 2
2 Greg Mauldin Carson Mcmillan 40 1 2 2
Penalty Kill 4 Players Defense
Defense Defense Time % Phy DF OF
1 Jonathan Sigalet Jordan Hendry 60 1 2 2
2 Nathan Oystrick Johan Fransson 40 1 2 2
Penalty Kill - 3 Players Forward
Forward Time % Phy DF OF
1 Nate Thompson 60 1 2 2
2 Alex Picard 40 1 2 2
Penalty Kill - 3 Players Defense
Defense Defense Time % Phy DF OF
1 Jonathan Sigalet Jordan Hendry 60 1 2 2
2 Nathan Oystrick Johan Fransson 40 1 2 2
4 vs 4 Forward
Center Wing Time % Phy DF OF
1 Nate Thompson Alex Picard 60 1 2 2
2 Greg Mauldin Carson Mcmillan 40 1 2 2
4 vs 4 Defense
Defense Defense Time % Phy DF OF
1 Jonathan Sigalet Jordan Hendry 60 1 2 2
2 Nathan Oystrick Johan Fransson 40 1 2 2
Last Minutes Offensive
Center Left Wing Right Wing Defense Defense
Nate Thompson Alex Picard Carson Mcmillan Jonathan Sigalet Jordan Hendry
Last Minutes Defensive
Center Left Wing Right Wing Defense Defense
Nate Thompson Alex Picard Carson Mcmillan Jonathan Sigalet Jordan Hendry
Goaltenders
Starting : Mike McKenna
Backup : Thomas Greiss
Extra Forwards
Normal : Adam Henrique, Mattias Tedenby, Ben Hanowski - PP : Adam Henrique, Mattias Tedenby - PK : Ben Hanowski
Extra Defensemen
Normal : Kyle Lawson, Philip Samuelsson, Stefan Elliott - PP : Kyle Lawson - PK : Philip Samuelsson, Stefan Elliott
Penalty Shots
Nate Thompson, Alex Picard, Greg Mauldin, Carson Mcmillan, Adam Henrique
% Time on Ice - Patriotes
Lines # - Real PCT - Wanted PCT - Time Play
Normal Forward
1 - 33% - 40% - 15:26
2 - 28% - 30% - 12:53
3 - 23% - 20% - 10:28
4 - 16% - 10% - 7:29
Normal Defense
1 - 34% - 40% - 15:51
2 - 37% - 30% - 16:54
3 - 24% - 20% - 11:19
4 - 5% - 10% - 2:12
PP Forward
1 - 57% - 60% - 6:31
2 - 43% - 40% - 4:57
PP Defense
1 - 57% - 60% - 6:32
2 - 43% - 40% - 4:56
PK Forward
1 - 71% - 60% - 1:25
2 - 29% - 40% - 0:34
PK Defense
1 - 61% - 60% - 1:13
2 - 39% - 40% - 0:46
PK3 Forward
1 - 0% - 60%
2 - 0% - 40%
PK3 Defense
1 - 0% - 60%
2 - 0% - 40%
44 Forward
1 - 0% - 60%
2 - 0% - 40%
44 Defense
1 - 0% - 60%
2 - 0% - 40%
Last Minute Offensive - 0:17
Last Minute Defensive - 0:00
Total
Forward - 60:00
Defense - 60:00
|
% Time on Ice - Tamiflu
Lines # - Real PCT - Wanted PCT - Time Play
Normal Forward
1 - 36% - 40% - 16:48
2 - 26% - 30% - 12:15
3 - 23% - 20% - 10:46
4 - 14% - 10% - 6:28
Normal Defense
1 - 37% - 40% - 17:19
2 - 32% - 30% - 14:35
3 - 23% - 20% - 10:33
4 - 8% - 10% - 3:50
PP Forward
1 - 62% - 60% - 1:14
2 - 38% - 40% - 0:45
PP Defense
1 - 70% - 60% - 1:23
2 - 30% - 40% - 0:36
PK Forward
1 - 73% - 60% - 8:00
2 - 27% - 40% - 3:02
PK Defense
1 - 59% - 60% - 6:29
2 - 41% - 40% - 4:33
PK3 Forward
1 - 100% - 60% - 0:26
2 - 0% - 40% - 0:00
PK3 Defense
1 - 100% - 60% - 0:26
2 - 0% - 40% - 0:00
44 Forward
1 - 0% - 60%
2 - 0% - 40%
44 Defense
1 - 0% - 60%
2 - 0% - 40%
Last Minute Offensive - 0:00
Last Minute Defensive - 0:16
Total
Forward - 60:00
Defense - 60:00
|
Play by Play
1st period
0:01 of 1st period - Nate Thompson wins face-off versus Zenon Konopka in neutral zone.
0:04 of 1st period - Zenon Konopka is hit by Carson Mcmillan and loses puck.
0:40 of 1st period - Minor Penalty to Mike Duco for Roughing.
0:41 of 1st period - Nate Thompson wins face-off versus Zenon Konopka in Tamiflu zone.
2:36 of 1st period - Andrew Gordon is hit by Nathan Oystrick and loses puck.
2:40 of 1st period - Penalty to Mike Duco is over, Mike Duco is back on ice.
4:14 of 1st period - Backhand shot by Nate Thompson.
4:14 of 1st period - Shot Misses the Net.
4:16 of 1st period - Slapshot by Johan Fransson.
4:16 of 1st period - Stopped by Joey MacDonald without a rebound.
4:17 of 1st period - Nate Thompson wins face-off versus Christian Hanson in Patriotes zone.
4:18 of 1st period - Slapshot by Alex Picard.
4:18 of 1st period - Shot Blocked by Nigel Williams.
4:40 of 1st period - Snap shot by Nathan Oystrick.
4:40 of 1st period - Stopped by Joey MacDonald without a rebound.
4:41 of 1st period - Adam Henrique wins face-off versus Zenon Konopka in Patriotes zone.
4:42 of 1st period - Wrist shot by Mattias Tedenby.
4:42 of 1st period - Shot Misses the Net.
4:50 of 1st period - Snap shot by Andreas Nodl.
4:50 of 1st period - Goal by Andreas Nodl - Patriotes : 1 - Tamiflu : 0.
4:51 of 1st period - Zenon Konopka wins face-off versus Nate Thompson in neutral zone.
5:45 of 1st period - Jonathan Sigalet is hit by Nigel Williams and loses puck.
6:18 of 1st period - Wrist shot by Tomas Kurka.
6:18 of 1st period - Stopped by Mike McKenna without a rebound.
6:19 of 1st period - Nate Thompson wins face-off versus Zenon Konopka in Tamiflu zone.
6:26 of 1st period - Backhand shot by Nate Thompson.
6:26 of 1st period - Stopped by Joey MacDonald with a rebound.
7:27 of 1st period - Off-side.
7:28 of 1st period - Zenon Konopka wins face-off versus Colin Greening in neutral zone.
7:43 of 1st period - Snap shot by Zenon Konopka.
7:43 of 1st period - Shot Misses the Net.
8:00 of 1st period - Snap shot by Nate Thompson.
8:00 of 1st period - Shot Blocked by Sami Vatanen.
8:52 of 1st period - Slapshot by Ben Hanowski.
8:52 of 1st period - Shot Misses the Net.
9:13 of 1st period - Slapshot by Nate Thompson.
9:13 of 1st period - Shot Blocked by Andrew Gordon.
9:15 of 1st period - Wrist shot by Nate Thompson.
9:15 of 1st period - Goal by Nate Thompson - Patriotes : 1 - Tamiflu : 1.
9:16 of 1st period - Zenon Konopka wins face-off versus Nate Thompson in neutral zone.
10:04 of 1st period - Slapshot by Ryan Wilson.
10:04 of 1st period - Shot Blocked by Jordan Hendry.
10:06 of 1st period - Wrist shot by Patrice Cormier.
10:06 of 1st period - Deflect By Jordan Hendry.
10:06 of 1st period - Stopped by Mike McKenna without a rebound.
10:07 of 1st period - Adam Henrique wins face-off versus Patrice Cormier in Tamiflu zone.
10:16 of 1st period - Snap shot by Jordan Hendry.
10:16 of 1st period - Shot Blocked by Liam Reddox.
10:25 of 1st period - Wrist shot by Zack Stortini.
10:25 of 1st period - Stopped by Mike McKenna with a rebound.
10:27 of 1st period - Slapshot by Timothy Kunes.
10:27 of 1st period - Shot Misses the Net.
10:49 of 1st period - Wrist shot by Patrice Cormier.
10:49 of 1st period - Stopped by Mike McKenna without a rebound.
10:49 of 1st period - Minor Penalty to Mike McKenna for Delaying the game.
10:50 of 1st period - Nate Thompson wins face-off versus Tomas Kurka in Tamiflu zone.
11:51 of 1st period - Nathan Oystrick is hit by Andrew Gordon and loses puck.
12:49 of 1st period - Penalty to Adam Henrique is over, Adam Henrique is back on ice.
13:16 of 1st period - Philip Samuelsson is hit by Lauri Tukonen and loses puck.
13:58 of 1st period - Jonathan Sigalet is hit by Fedor Fedorov.
14:51 of 1st period - Off-side.
14:52 of 1st period - Adam Henrique wins face-off versus Cory Emmerton in neutral zone.
14:55 of 1st period - Slapshot by Jonathan Sigalet.
14:55 of 1st period - Shot Misses the Net.
14:57 of 1st period - Slapshot by Jordan Hendry.
14:57 of 1st period - Stopped by Joey MacDonald with a rebound.
14:59 of 1st period - Slapshot by Jordan Hendry.
14:59 of 1st period - Stopped by Joey MacDonald with a rebound.
15:01 of 1st period - Slapshot by Jonathan Sigalet.
15:01 of 1st period - Deflect By Adam Henrique.
15:01 of 1st period - Shot Misses the Net.
15:01 of 1st period - Puck is out of play.
15:02 of 1st period - Zenon Konopka wins face-off versus Nate Thompson in Patriotes zone.
15:11 of 1st period - Wrist shot by Andreas Nodl.
15:11 of 1st period - Stopped by Mike McKenna without a rebound.
15:12 of 1st period - Zenon Konopka wins face-off versus Nate Thompson in Tamiflu zone.
15:49 of 1st period - Minor Penalty to Jonathan Sigalet for Roughing.
15:50 of 1st period - Nate Thompson wins face-off versus Cory Emmerton in Tamiflu zone.
16:06 of 1st period - Carson Mcmillan is hit by Tomas Kurka and loses puck.
16:39 of 1st period - Zenon Konopka is hit by Alex Picard and loses puck.
16:46 of 1st period - Nate Thompson is hit by Joe Charlebois and loses puck.
17:38 of 1st period - Joe Charlebois is hit by Garrett Wilson and loses puck.
17:49 of 1st period - Penalty to Jonathan Sigalet is over, Jonathan Sigalet is back on ice.
18:01 of 1st period - Snap shot by Zack Stortini.
18:01 of 1st period - Shot Misses the Net.
18:03 of 1st period - Snap shot by Liam Reddox.
18:03 of 1st period - Deflect By Zack Stortini.
18:03 of 1st period - Shot Misses the Net.
18:03 of 1st period - Puck is out of play.
18:04 of 1st period - Christian Hanson wins face-off versus Greg Mauldin in Tamiflu zone.
18:29 of 1st period - Zenon Konopka is hit by Alex Picard and loses puck.
18:44 of 1st period - Slapshot by Sami Vatanen.
18:44 of 1st period - Shot Blocked by Alex Picard.
18:46 of 1st period - Wrist shot by Patrice Cormier.
18:46 of 1st period - Shot Blocked by Philip Samuelsson.
18:48 of 1st period - Snap shot by Patrice Cormier.
18:48 of 1st period - Patriotes goal is going for a video replay.
18:48 of 1st period - The goal is good.
18:48 of 1st period - Goal by Patrice Cormier - Patriotes : 2 - Tamiflu : 1.
18:49 of 1st period - Nate Thompson wins face-off versus Zenon Konopka in neutral zone.
19:37 of 1st period - Wrist shot by T.J Galiardi.
19:37 of 1st period - Stopped by Mike McKenna with a rebound.
19:39 of 1st period - Slapshot by Ryan Wilson.
19:39 of 1st period - Stopped by Mike McKenna without a rebound.
19:40 of 1st period - Nate Thompson wins face-off versus Zenon Konopka in Tamiflu zone.
19:47 of 1st period - Wrist shot by Jonathan Sigalet.
19:47 of 1st period - Stopped by Joey MacDonald without a rebound.
19:48 of 1st period - Zenon Konopka wins face-off versus Nate Thompson in Patriotes zone.
Goals for this period are 2 for Patriotes vs 1 for Tamiflu.
Shots for this period are 9 for Patriotes vs 7 for Tamiflu.
2nd period
0:01 of 2nd period - Nate Thompson wins face-off versus Tomas Kurka in neutral zone.
0:08 of 2nd period - Wrist shot by Alex Picard.
0:08 of 2nd period - Goal by Alex Picard - Patriotes : 2 - Tamiflu : 2.
0:09 of 2nd period - Tomas Kurka wins face-off versus Nate Thompson in neutral zone.
0:12 of 2nd period - Snap shot by Tomas Kurka.
0:12 of 2nd period - Shot Misses the Net.
0:14 of 2nd period - Slapshot by Joe Charlebois.
0:14 of 2nd period - Stopped by Mike McKenna without a rebound.
0:15 of 2nd period - Zenon Konopka wins face-off versus Nate Thompson in Tamiflu zone.
0:18 of 2nd period - Slapshot by Tomas Kurka.
0:18 of 2nd period - Deflect By Zenon Konopka.
0:18 of 2nd period - Stopped by Mike McKenna without a rebound.
0:19 of 2nd period - Nate Thompson wins face-off versus Zenon Konopka in Tamiflu zone.
0:19 of 2nd period - Nate Thompson is hit by Andreas Nodl.
0:27 of 2nd period - Timothy Kunes is hit by Jonathan Sigalet and loses puck.
0:57 of 2nd period - Icing by Tomas Kurka.
0:58 of 2nd period - Tomas Kurka wins face-off versus Greg Mauldin in Patriotes zone.
1:15 of 2nd period - Greg Mauldin is hit by Tomas Kurka and loses puck.
1:37 of 2nd period - Minor Penalty to Timothy Kunes for Hooking.
1:38 of 2nd period - Andrew Gordon wins face-off versus Nate Thompson in Patriotes zone.
1:52 of 2nd period - Snap shot by Alex Picard.
1:52 of 2nd period - Stopped by Joey MacDonald without a rebound.
1:53 of 2nd period - Nate Thompson wins face-off versus Tomas Kurka in Patriotes zone.
2:09 of 2nd period - Off-side.
2:10 of 2nd period - Greg Mauldin wins face-off versus Lauri Tukonen in neutral zone.
2:13 of 2nd period - Slapshot by Jonathan Sigalet.
2:13 of 2nd period - Stopped by Joey MacDonald without a rebound.
2:14 of 2nd period - Lauri Tukonen wins face-off versus Greg Mauldin in Patriotes zone.
2:14 of 2nd period - Lauri Tukonen is hit by Mike Duco.
2:28 of 2nd period - Greg Mauldin is hit by A.J Thelen and loses puck.
3:37 of 2nd period - Penalty to Timothy Kunes is over, Timothy Kunes is back on ice.
3:57 of 2nd period - Icing by Jordan Hendry.
3:58 of 2nd period - Cory Emmerton wins face-off versus Adam Henrique in Tamiflu zone.
4:26 of 2nd period - Slapshot by Mattias Tedenby.
4:26 of 2nd period - Shot Blocked by A.J Thelen.
6:15 of 2nd period - Snap shot by Liam Reddox.
6:15 of 2nd period - Shot Hit the Post.
6:46 of 2nd period - Nathan Oystrick is hit by Fedor Fedorov and loses puck.
7:11 of 2nd period - Snap shot by Patrice Cormier.
7:11 of 2nd period - Stopped by Mike McKenna with a rebound.
7:18 of 2nd period - Off-side.
7:19 of 2nd period - Nate Thompson wins face-off versus Cory Emmerton in neutral zone.
7:30 of 2nd period - Wrist shot by Fedor Fedorov.
7:30 of 2nd period - Shot Misses the Net.
7:44 of 2nd period - Wrist shot by Nathan Oystrick.
7:44 of 2nd period - Stopped by Joey MacDonald with a rebound.
8:04 of 2nd period - T.J Galiardi is hit by Ben Hanowski and loses puck.
8:28 of 2nd period - Wrist shot by Alex Picard.
8:28 of 2nd period - Deflect By Carson Mcmillan.
8:28 of 2nd period - Stopped by Joey MacDonald with a rebound.
8:44 of 2nd period - Cory Emmerton is hit by Mike Duco and loses puck.
9:13 of 2nd period - Philip Samuelsson is hit by Timothy Kunes and loses puck.
9:20 of 2nd period - Slapshot by Timothy Kunes.
9:20 of 2nd period - Stopped by Mike McKenna with a rebound.
9:22 of 2nd period - Wrist shot by Patrice Cormier.
9:22 of 2nd period - Stopped by Mike McKenna without a rebound.
9:23 of 2nd period - Greg Mauldin wins face-off versus Cory Emmerton in Tamiflu zone.
9:23 of 2nd period - Greg Mauldin is hit by A.J Thelen.
9:29 of 2nd period - A.J Thelen is hit by Mike Duco and loses puck.
9:40 of 2nd period - Greg Mauldin is hit by Cory Emmerton and loses puck.
10:22 of 2nd period - Snap shot by T.J Galiardi.
10:22 of 2nd period - Shot Misses the Net.
11:14 of 2nd period - Snap shot by Adam Henrique.
11:14 of 2nd period - Stopped by Joey MacDonald without a rebound.
11:15 of 2nd period - Adam Henrique wins face-off versus Zenon Konopka in Patriotes zone.
11:18 of 2nd period - Slapshot by Adam Henrique.
11:18 of 2nd period - Shot Misses the Net.
12:09 of 2nd period - Snap shot by Andreas Nodl.
12:09 of 2nd period - Deflect By Tomas Kurka.
12:09 of 2nd period - Stopped by Mike McKenna with a rebound.
12:11 of 2nd period - Wrist shot by Tomas Kurka.
12:11 of 2nd period - Shot Misses the Net.
12:13 of 2nd period - Slapshot by Joe Charlebois.
12:13 of 2nd period - Shot Blocked by Johan Fransson.
12:31 of 2nd period - Slapshot by Mattias Tedenby.
12:31 of 2nd period - Goal by Mattias Tedenby - Patriotes : 2 - Tamiflu : 3.
12:32 of 2nd period - Nate Thompson wins face-off versus Cory Emmerton in neutral zone.
12:37 of 2nd period - Snap shot by Nate Thompson.
12:37 of 2nd period - Shot Blocked by Andrew Gordon.
12:45 of 2nd period - Slapshot by Ryan Wilson.
12:45 of 2nd period - Deflect By Alex Picard.
12:45 of 2nd period - Stopped by Mike McKenna with a rebound.
12:57 of 2nd period - Greg Mauldin is hit by Lauri Tukonen and loses puck.
13:02 of 2nd period - Slapshot by T.J Galiardi.
13:02 of 2nd period - Goal by T.J Galiardi - Patriotes : 3 - Tamiflu : 3.
13:03 of 2nd period - Nate Thompson wins face-off versus Cory Emmerton in neutral zone.
13:22 of 2nd period - Nate Thompson is hit by Andrew Gordon and loses puck.
13:35 of 2nd period - Slapshot by Zenon Konopka.
13:35 of 2nd period - Stopped by Mike McKenna with a rebound.
13:45 of 2nd period - Wrist shot by Jan Mursak.
13:45 of 2nd period - Shot Misses the Net.
13:55 of 2nd period - Wrist shot by Mattias Tedenby.
13:55 of 2nd period - Shot Misses the Net.
14:19 of 2nd period - Ryan Wilson is hit by Nathan Oystrick and loses puck.
14:36 of 2nd period - Snap shot by Carson Mcmillan.
14:36 of 2nd period - Goal by Carson Mcmillan - Patriotes : 3 - Tamiflu : 4.
14:37 of 2nd period - Cory Emmerton wins face-off versus Nate Thompson in neutral zone.
15:10 of 2nd period - Off-side.
15:11 of 2nd period - Zenon Konopka wins face-off versus Nate Thompson in neutral zone.
15:26 of 2nd period - Wrist shot by Alex Picard.
15:26 of 2nd period - Deflect By Nate Thompson.
15:26 of 2nd period - Stopped by Joey MacDonald with a rebound.
15:47 of 2nd period - Off-side.
15:48 of 2nd period - Nate Thompson wins face-off versus Zenon Konopka in neutral zone.
16:13 of 2nd period - Snap shot by Lauri Tukonen.
16:13 of 2nd period - Stopped by Mike McKenna without a rebound.
16:14 of 2nd period - Greg Mauldin wins face-off versus Christian Hanson in Tamiflu zone.
16:29 of 2nd period - Snap shot by Christian Hanson.
16:29 of 2nd period - Shot Misses the Net.
16:39 of 2nd period - Greg Mauldin is hit by Zenon Konopka and loses puck.
17:15 of 2nd period - Minor Penalty to Carson Mcmillan for Hooking.
17:16 of 2nd period - Nate Thompson wins face-off versus Zenon Konopka in Tamiflu zone.
17:20 of 2nd period - Slapshot by Jordan Hendry.
17:20 of 2nd period - Stopped by Joey MacDonald with a rebound.
18:34 of 2nd period - Cory Emmerton is hit by Nathan Oystrick.
18:48 of 2nd period - Minor Penalty to Colin Greening for Roughing.
18:49 of 2nd period - Cory Emmerton wins face-off versus Nate Thompson in Tamiflu zone.
19:15 of 2nd period - Penalty to Carson Mcmillan is over, Carson Mcmillan is back on ice.
19:18 of 2nd period - Wrist shot by Tomas Kurka.
19:18 of 2nd period - Shot Misses the Net.
Goals for this period are 1 for Patriotes vs 3 for Tamiflu.
Shots for this period are 10 for Patriotes vs 10 for Tamiflu.
3rd period
0:01 of 3rd period - Zenon Konopka wins face-off versus Nate Thompson in neutral zone.
0:48 of 3rd period - Penalty to Colin Greening is over, Colin Greening is back on ice.
1:07 of 3rd period - Slapshot by Christian Hanson.
1:07 of 3rd period - Stopped by Mike McKenna without a rebound.
1:08 of 3rd period - Cory Emmerton wins face-off versus Greg Mauldin in Tamiflu zone.
1:11 of 3rd period - Snap shot by Andrew Gordon.
1:11 of 3rd period - Stopped by Mike McKenna with a rebound.
1:29 of 3rd period - Jan Mursak is hit by Fedor Fedorov and loses puck.
1:41 of 3rd period - Icing by Joe Charlebois.
1:42 of 3rd period - Nate Thompson wins face-off versus Lauri Tukonen in Patriotes zone.
2:07 of 3rd period - A.J Thelen is hit by Rich Clune and loses puck.
2:30 of 3rd period - Wrist shot by Jonathan Sigalet.
2:30 of 3rd period - Stopped by Joey MacDonald without a rebound.
2:31 of 3rd period - Colin Greening wins face-off versus Cory Emmerton in Patriotes zone.
2:57 of 3rd period - Off-side.
2:58 of 3rd period - Christian Hanson wins face-off versus Nate Thompson in neutral zone.
3:01 of 3rd period - Slapshot by Lauri Tukonen.
3:01 of 3rd period - Stopped by Mike McKenna with a rebound.
3:26 of 3rd period - Johan Fransson is hit by Tomas Kurka and loses puck.
4:22 of 3rd period - Wrist shot by Jordan Hendry.
4:22 of 3rd period - Stopped by Joey MacDonald with a rebound.
4:24 of 3rd period - Slapshot by Jordan Hendry.
4:24 of 3rd period - Shot Blocked by Ryan Wilson.
4:26 of 3rd period - Slapshot by Jonathan Sigalet.
4:26 of 3rd period - Shot Misses the Net.
4:28 of 3rd period - Snap shot by Ben Hanowski.
4:28 of 3rd period - Shot Misses the Net.
4:30 of 3rd period - Snap shot by Garrett Wilson.
4:30 of 3rd period - Shot Blocked by Ryan Wilson.
4:43 of 3rd period - Icing by Philip Samuelsson.
4:44 of 3rd period - Zenon Konopka wins face-off versus Greg Mauldin in Tamiflu zone.
4:45 of 3rd period - Snap shot by Andreas Nodl.
4:45 of 3rd period - Stopped by Mike McKenna with a rebound.
5:45 of 3rd period - Slapshot by Greg Mauldin.
5:45 of 3rd period - Stopped by Joey MacDonald without a rebound.
5:46 of 3rd period - Cory Emmerton wins face-off versus Nate Thompson in Patriotes zone.
6:15 of 3rd period - Snap shot by Mattias Tedenby.
6:15 of 3rd period - Stopped by Joey MacDonald without a rebound.
6:16 of 3rd period - Christian Hanson wins face-off versus Adam Henrique in Patriotes zone.
6:16 of 3rd period - Christian Hanson is hit by Adam Henrique.
6:44 of 3rd period - Slapshot by Johan Fransson.
6:44 of 3rd period - Deflect By Cory Emmerton.
6:44 of 3rd period - Stopped by Joey MacDonald with a rebound.
6:46 of 3rd period - Slapshot by Johan Fransson.
6:46 of 3rd period - Deflect By Cory Emmerton.
6:46 of 3rd period - Stopped by Joey MacDonald without a rebound.
6:47 of 3rd period - Nate Thompson wins face-off versus Cory Emmerton in Patriotes zone.
7:26 of 3rd period - Slapshot by Nate Thompson.
7:26 of 3rd period - Deflect By Alex Picard.
7:26 of 3rd period - Stopped by Joey MacDonald with a rebound.
7:34 of 3rd period - Jonathan Sigalet is hit by Fedor Fedorov and loses puck.
8:12 of 3rd period - Snap shot by Nate Thompson.
8:12 of 3rd period - Shot Misses the Net.
8:14 of 3rd period - Snap shot by Nate Thompson.
8:14 of 3rd period - Shot Misses the Net.
8:40 of 3rd period - Snap shot by Nate Thompson.
8:40 of 3rd period - Stopped by Joey MacDonald with a rebound.
8:42 of 3rd period - Slapshot by Nate Thompson.
8:42 of 3rd period - Goal by Nate Thompson - Patriotes : 3 - Tamiflu : 5.
8:43 of 3rd period - Zenon Konopka wins face-off versus Greg Mauldin in neutral zone.
8:58 of 3rd period - Snap shot by Tomas Kurka.
8:58 of 3rd period - Shot Blocked by Nathan Oystrick.
9:22 of 3rd period - Slapshot by Kyle Lawson.
9:22 of 3rd period - Deflect By Zenon Konopka.
9:22 of 3rd period - Stopped by Joey MacDonald with a rebound.
9:24 of 3rd period - Slapshot by Philip Samuelsson.
9:24 of 3rd period - Stopped by Joey MacDonald with a rebound.
9:26 of 3rd period - Snap shot by Ben Hanowski.
9:26 of 3rd period - Stopped by Joey MacDonald without a rebound.
9:27 of 3rd period - Adam Henrique wins face-off versus Christian Hanson in Patriotes zone.
9:59 of 3rd period - Slapshot by Kyle Lawson.
9:59 of 3rd period - Shot Misses the Net.
10:21 of 3rd period - Slapshot by Mike Duco.
10:21 of 3rd period - Shot Misses the Net.
10:23 of 3rd period - Snap shot by Greg Mauldin.
10:23 of 3rd period - Deflect By Mike Duco.
10:23 of 3rd period - Stopped by Joey MacDonald with a rebound.
10:43 of 3rd period - Nathan Oystrick is hit by A.J Thelen and loses puck.
12:08 of 3rd period - Liam Reddox is hit by Carson Mcmillan and loses puck.
12:30 of 3rd period - Kyle Lawson is hit by Christian Hanson.
12:46 of 3rd period - Mike Duco is hit by Zenon Konopka and loses puck.
13:22 of 3rd period - Off-side.
13:23 of 3rd period - Adam Henrique wins face-off versus Zenon Konopka in neutral zone.
14:10 of 3rd period - Nigel Williams is hit by Nate Thompson and loses puck.
14:39 of 3rd period - Snap shot by Ben Hanowski.
14:39 of 3rd period - Shot Blocked by Nigel Williams.
14:52 of 3rd period - Off-side.
14:53 of 3rd period - Zenon Konopka wins face-off versus Adam Henrique in neutral zone.
15:00 of 3rd period - Wrist shot by Zenon Konopka.
15:00 of 3rd period - Stopped by Mike McKenna with a rebound.
15:18 of 3rd period - Jonathan Sigalet is hit by Christian Hanson and loses puck.
16:08 of 3rd period - Wrist shot by Colin Greening.
16:08 of 3rd period - Shot Misses the Net.
16:10 of 3rd period - Slapshot by Garrett Wilson.
16:10 of 3rd period - Shot Blocked by Joe Charlebois.
16:44 of 3rd period - Slapshot by Lauri Tukonen.
16:44 of 3rd period - Stopped by Mike McKenna with a rebound.
16:46 of 3rd period - Wrist shot by T.J Galiardi.
16:46 of 3rd period - Stopped by Mike McKenna with a rebound.
16:48 of 3rd period - Snap shot by Joe Charlebois.
16:48 of 3rd period - Goal by Joe Charlebois - Patriotes : 4 - Tamiflu : 5.
16:49 of 3rd period - Nate Thompson wins face-off versus Christian Hanson in neutral zone.
17:04 of 3rd period - Snap shot by T.J Galiardi.
17:04 of 3rd period - Shot Misses the Net.
17:14 of 3rd period - Jordan Hendry is hit by Fedor Fedorov and loses puck.
17:23 of 3rd period - Snap shot by Fedor Fedorov.
17:23 of 3rd period - Stopped by Mike McKenna with a rebound.
17:33 of 3rd period - Minor Penalty to Alex Picard for Slashing.
17:34 of 3rd period - Zenon Konopka wins face-off versus Nate Thompson in Tamiflu zone.
18:08 of 3rd period - Wrist shot by Cory Emmerton.
18:08 of 3rd period - Stopped by Mike McKenna without a rebound.
18:09 of 3rd period - Nate Thompson wins face-off versus Zenon Konopka in Tamiflu zone.
18:17 of 3rd period - Off-side.
18:18 of 3rd period - Zenon Konopka wins face-off versus Nate Thompson in neutral zone.
18:41 of 3rd period - Wrist shot by Zenon Konopka.
18:41 of 3rd period - Shot Misses the Net.
18:43 of 3rd period - Wrist shot by Tomas Kurka.
18:43 of 3rd period - Shot Blocked by Nate Thompson.
18:45 of 3rd period - Slapshot by Ryan Wilson.
18:45 of 3rd period - Shot Blocked by Jordan Hendry.
18:47 of 3rd period - Slapshot by Ryan Wilson.
18:47 of 3rd period - Shot Blocked by Jonathan Sigalet.
19:01 of 3rd period - Patriotes, Joey MacDonald is pulled from the net.
19:23 of 3rd period - Snap shot by Andreas Nodl.
19:23 of 3rd period - Deflect By Zenon Konopka.
19:23 of 3rd period - Shot Misses the Net.
19:23 of 3rd period - Puck is out of play.
19:24 of 3rd period - Dale Hunter call a timeout for Patriotes.
19:24 of 3rd period - Greg Mauldin wins face-off versus Andrew Gordon in Tamiflu zone.
19:33 of 3rd period - Penalty to Alex Picard is over, Alex Picard is back on ice.
Goals for this period are 1 for Patriotes vs 1 for Tamiflu.
Shots for this period are 10 for Patriotes vs 13 for Tamiflu.
Output by the SimonT Hockey Simulator (STHS) for François Prévost -- Original Page W3C XHTML 1.0 Valid